 Dungeon Crawl Stone Soup version 0.29.0-4-gdea44cf6ec (webtiles) character file.

Game seed: 2124214830239034455

100 qw the Chopper (level 4, -6/26 HPs)
             Began as a Tengu Warper on Aug 28, 2022.
             Mangled by an ogre
             ... wielding a +0 giant spiked club
              (32 damage)
             ... on level 4 of the Dungeon.
             The game lasted 00:00:16 (2166 turns).

qw the Chopper (Tengu Warper)                       Turns: 2166, Time: 00:00:16

Health: -6/26      AC:  5    Str: 11 (13) XL:     4   Next: 74%
Magic:  8/8        EV: 14    Int: 10 (13) God:
Gold:   207        SH:  0    Dex: 13 (14) Spells: 7/7 levels left

rFire   + . .      SeeInvis .   Y - +0 hand axe
rCold   . . .      Faith    .   (no shield)
rNeg    . . .      Spirit   .   l - +0 ring mail
rPois   .          Reflect  .   (helmet restricted)
rElec   .          Harm     .   (no cloak)
rCorr   .          Rampage  .   (no gloves)
Will    .....                   (boots unavailable)
Stlth   +.........              d - amulet of the acrobat
HPRegen 0.08/turn               f - +4 ring of evasion
MPRegen 0.11/turn               b - ring of protection from fire

@: no status effects
A: beak, talons 3
a: no special abilities


You were on level 4 of the Dungeon.
You visited 1 branch of the dungeon, and saw 4 of its levels.

You collected 207 gold pieces.


Innate Abilities, Weirdness & Mutations

You have a beak for a mouth.
You have claws for feet.


   Skills:
 - Level 2.0 Fighting
 + Level 5.3 Axes
 - Level 1.0 Throwing
 - Level 1.1 Armour
 - Level 2.1 Dodging
 - Level 2.0 Spellcasting
 - Level 2.4 Translocations


You had 7 spell levels left.
You didn't know any spells.
Your spell library contained the following spells:

 Spells                   Type           Power      Damage    Failure   Level
 Blink                    Tloc           10%        N/A       38%         2
 Gell's Gravitas          Tloc           5%         N/A       63%         3
 Lesser Beckoning         Tloc           5%         N/A       63%         3
 Teleport Other           Tloc           5%         N/A       63%         3
 Manifold Assault         Tloc           5%         N/A       100%        5

Inventory:

Hand Weapons
 g - a +0 morningstar
 Y - a +0 hand axe (weapon)
Armour
 l - a +0 ring mail (worn)
Jewellery
 b - a ring of protection from fire (right hand)
 d - an amulet of the acrobat (around neck)
 f - a +4 ring of evasion (left hand)
Scrolls
 e - 2 scrolls of teleportation
Potions
 a - a potion of heal wounds {unknown}
 h - a potion of might {unknown}
 i - a potion of curing {unknown}
 j - a potion of mutation {unknown}

Dungeon Overview and Level Annotations

Branches:
Dungeon (4/15)
 Temple: D:4-7

Altars:


Message History

Existing waypoints: (1) D:2 (2) D:3 Assign waypoint to what number? (0-9, D - delete waypoint) Waypoint 1 re-assigned from D:2 to D:4.
b - a ring of protection from fire A ball python comes into view.
Found 8 gold pieces.
Enter note: You hit the ball python.
You kill the ball python!
A goblin comes into view. It is wielding a +0 dagger.
The goblin shouts!
You slash the goblin!
You kill the goblin!
You see here a +0 dagger.
You now have 207 gold pieces (gained 8).
Found a stone staircase leading up.
2156 ||| UPGRADING to ring of protection from fire.
b - a ring of protection from fire (right hand)
(D) Dungeon
Where to? (* - list waypoints, Enter - D:3, ? - help)
What level of the Dungeon? (default 1, ? - help)
Found a stone staircase leading up.
An ogre comes into view. It is wielding a +0 giant spiked club.
Found 11 gold pieces.
Enter note: A hobgoblin comes into view.
2161 ||| Stepping ~*~*~tactically~*~*~ (stealth).
(D) Dungeon
Where to? (* - list waypoints, Enter - D:3, ? - help)
What level of the Dungeon? (default 1, ? - help)
The hobgoblin shouts!
You closely miss the hobgoblin. Your kick misses the hobgoblin.
The hobgoblin barely misses you.
You hit the ogre.
The ogre is lightly wounded.
You hit the hobgoblin but do no damage.
The ogre hits you with a +0 giant spiked club!!
Ouch! That really hurt!
You die...

.#.... ......# . .......
.. ...<...### ...
...#...........<.###....
##...#.................$.
#................O.......
...........####.@g#
................#.##
...........######.(##.#
#.........#...........##
#.........)...........#
######.##%..............
#.###..............
#.###............#.
#...#............#


You could see an ogre and a hobgoblin.

Vanquished Creatures
  2 adders (D:2)
  2 worms (D:2)
  4 dart slugs
  An orc (D:3)
  7 endoplasms
  4 giant cockroaches (D:1)
  5 goblins
  7 hobgoblins
  3 jackals (D:2)
  3 quokkas
  2 ball pythons
  3 bats
  6 frilled lizards
  5 kobolds
  9 rats
63 creatures vanquished.

Notes
Turn   | Place    | Note
-------+----------+-------------------------------------------
     0 | D:1      | qw the Tengu Warper began the quest for the Orb.
     0 | D:1      | Reached XP level 1. HP: 12/12 MP: 4/4
     0 | D:1      | 0 ||| qw: Version: 0.1-a-89-g26bdef1
     0 | D:1      | 0 ||| qw: Game counter: 196
     0 | D:1      | 0 ||| qw: Always use a shield: true
     0 | D:1      | 0 ||| qw: God list: Okawaru
     0 | D:1      | 0 ||| qw: Allow faded altars: false
     0 | D:1      | 0 ||| qw: Do Orc after D:15 true
     0 | D:1      | 0 ||| qw: Do second Lair branch before Depths: true
     0 | D:1      | 0 ||| qw: Lair rune preference: random
     0 | D:1      | 0 ||| qw: Plans: Normal
     0 | D:1      | 0 ||| PLANNING D:1-11
    11 | D:1      | 11 ||| Stepping ~*~*~tactically~*~*~ (stealth).
    53 | D:1      | Reached skill level 3 in Axes
    53 | D:1      | Reached XP level 2. HP: 7/17 MP: 6/6
   313 | D:1      | 313 ||| DROPPING +0 whip.
   499 | D:1      | Reached XP level 3. HP: 18/21 MP: 7/7
   618 | D:1      | Reached skill level 4 in Axes
   987 | D:1      | 987 ||| UPGRADING to +4 ring of evasion.
   988 | D:1      | 988 ||| READING scroll labelled DUOGGOHYOPNU.
   989 | D:1      | 989 ||| READING 2 scrolls labelled COERAIC CAVU.
   993 | D:1      | 993 ||| READING scroll labelled TUNOLUS WIYG.
   994 | D:1      | 994 ||| DROPPING scroll of blinking.
  1036 | D:2      | 1036 ||| Stepping ~*~*~tactically~*~*~ (stealth).
  1040 | D:2      | 1040 ||| Stepping ~*~*~tactically~*~*~ (stealth).
  1061 | D:2      | 1061 ||| Stepping ~*~*~tactically~*~*~ (stealth).
  1068 | D:2      | 1068 ||| Stepping ~*~*~tactically~*~*~ (stealth).
  1079 | D:2      | 1079 ||| Stepping ~*~*~tactically~*~*~ (stealth).
  1081 | D:2      | 1081 ||| Stepping ~*~*~tactically~*~*~ (stealth).
  1093 | D:2      | 1093 ||| Stepping ~*~*~tactically~*~*~ (stealth).
  1165 | D:2      | Reached XP level 4. HP: 23/26 MP: 8/8
  1170 | D:2      | 1170 ||| Stepping ~*~*~tactically~*~*~ (hiding).
  1179 | D:2      | 1179 ||| FLEEEEING.
  1180 | D:2      | 1180 ||| FLEEEEING.
  1260 | D:2      | 1260 ||| Stepping ~*~*~tactically~*~*~ (stealth).
  1280 | D:2      | 1280 ||| Stepping ~*~*~tactically~*~*~ (stealth).
  1471 | D:2      | Reached skill level 5 in Axes
  1660 | D:2      | 1660 ||| Stepping ~*~*~tactically~*~*~ (stealth).
  1825 | D:2      | 1825 ||| UPGRADING to +0 ring mail.
  1835 | D:2      | 1835 ||| DROPPING +0 leather armour.
  1836 | D:2      | 1836 ||| UPGRADING to amulet of the acrobat.
  1841 | D:2      | 1841 ||| DROPPING +6 ring of intelligence.
  1842 | D:2      | 1842 ||| READING scroll labelled ALEENA FYUS.
  1843 | D:2      | 1843 ||| READING scroll labelled PUASHR LALYME.
  1944 | D:2      | 1944 ||| READING scroll labelled CUBLOS SIALAIM.
  1945 | D:2      | 1945 ||| DRINKING 2 pink potions.
  1946 | D:2      | 1946 ||| DROPPING potion of degeneration.
  2099 | D:3      | 2099 ||| Stepping ~*~*~tactically~*~*~ (stealth).
  2103 | D:3      | 2103 ||| Stepping ~*~*~tactically~*~*~ (stealth).
  2116 | D:3      | You fall into a shaft and drop 1 floor!
  2156 | D:4      | 2156 ||| UPGRADING to ring of protection from fire.
  2159 | D:4      | Noticed an ogre
  2161 | D:4      | 2161 ||| Stepping ~*~*~tactically~*~*~ (stealth).
  2166 | D:4      | Mangled by an ogre

Levels and vault maps discovered:
D:1:      lightli_arrival_statue_moat, layout_rooms
D:2:      layout_rooms
D:3:      layout_rooms, shapermc_ecumenical_altar_totnotflames,
          ebering_ghost_gozag, uniq_grinder, uniq_sigmund
D:4:      layout_rooms, evilmike_ruin_ashenzari,
          minmay_temple_entry_proselytizer, serial_shops, shop, minmay_vboxes,
          uniq_crazy_yiuf_cottage

Skill      XL: |  1  2  3  4 |
---------------+-------------+-----
Axes           | 3 4 5 |  5.3
Fighting       | |  2.0
Throwing       | |  1.0
Armour         | |  1.1
Dodging        | |  2.1
Spellcasting   | |  2.0
Translocations | |  2.4

Action                   |  1- 3 |  4- 6 || total
-------------------------+-------+-------++-------
Melee: Hand axe          |    73 |    61 ||   134
       Kick              |    18 |    15 ||    33
       Peck              |    10 |     2 ||    12
       Punch             |     1 |       ||     1
Throw: Boomerang         |     7 |       ||     7
  Use: Scroll            |     3 |     3 ||     6
       Potion            |       |     1 ||     1
Armor: Leather armour    |     6 |     3 ||     9
       Ring mail         |       |     3 ||     3
Dodge: Dodged            |    33 |    38 ||    71

Table legend:
 A = Non-vault XP
 B = Vault XP
 C = Vault XP percentage of total XP
 D = Non-vault monster count
 E = Vault monster count
 F = Vault count percentage of total count
                 A         B        C        D         E       F
            +---------+---------+-------+---------+---------+-------
      Total |     144 |       0 |   0.0 |      63 |       0 |   0.0
            +---------+---------+-------+---------+---------+-------
        D:1 |      54 |       0 |   0.0 |      30 |       0 |   0.0
        D:2 |      72 |       0 |   0.0 |      24 |       0 |   0.0
        D:3 |      15 |       0 |   0.0 |       7 |       0 |   0.0
        D:4 |       3 |       0 |   0.0 |       2 |       0 |   0.0
            +---------+---------+-------+---------+---------+-------
